 Dungeon Crawl Stone Soup version 0.30.1-9-gdf580d7c3d (webtiles) character file.

Game seed: 12468645531455650507

99 Zonian the Digger (level 4, 0/24 HPs)
             Began as a Deep Elf Earth Elementalist on Oct 8, 2023.
             Killed from afar by an orc wizard (8 damage)
             ... with a magic dart
             ... on level 3 of the Dungeon.
             The game lasted 00:05:03 (1840 turns).

Zonian the Digger (Deep Elf Earth Elementalist)     Turns: 1840, Time: 00:05:03

Health: 0/24       AC:  2    Str:  5    XL:     4   Next: 45%
Magic:  11/11      EV: 13    Int: 22    God:
Gold:   134        SH:  0    Dex: 15    Spells: 7/10 levels left

rFire   + . .        f - +0 short sword
rCold   . . .        (no shield)
rNeg    . . .        a - +0 robe
rPois   .            (no helmet)
rElec   .            (no cloak)
rCorr   .            (no gloves)
SInv    .            (no boots)
Will    .....        (no amulet)
Stlth   ++           o - ring of protection from fire
HPRegen 0.24/turn    (no ring)
MPRegen 0.12/turn

%: no passive effects
@: no status effects
A: no striking features
a: no special abilities


You were on level 3 of the Dungeon.
You visited 1 branch of the dungeon, and saw 3 of its levels.

You collected 134 gold pieces.

Inventory:

Hand Weapons
 d - a +0 dagger
 f - a +0 short sword (weapon)
Armour
 a - a +0 robe (worn)
Jewellery
 o - a ring of protection from fire (left hand)
Scrolls
 c - 2 scrolls of identify {unknown}
 e - 2 scrolls of teleportation {unknown}
 g - a scroll of immolation {unknown}
 k - 2 scrolls of vulnerability {unknown}
 l - a scroll of fear {unknown}
 n - 2 scrolls of amnesia {unknown}
Potions
 b - 2 potions of magic
 h - a potion of berserk rage {unknown}
 i - a potion of brilliance {unknown}
 j - a potion of lignification {unknown}
 m - 3 potions of curing {unknown}


   Skills:
 + Level 3.4 Dodging
 + Level 3.4 Stealth
 + Level 3.8 Spellcasting
 + Level 2.2 Transmutations
 + Level 3.9 Earth Magic


You had 7 spell levels left.
You knew the following spells:

 Your Spells              Type           Power      Damage    Failure   Level
a - Sandblast             Erth           42%        2d11      2%          1
b - Passwall              Tmut/Erth      14%        N/A       4%          2

Your spell library contained the following spells:

 Spells                   Type           Power      Damage    Failure   Level
 Apportation              Tloc           8%         N/A       12%         1
 Stone Arrow              Conj/Erth      24%        3d8       16%         3
 Petrify                  Tmut/Erth      17%        N/A       32%         4
 Alistair's Intoxication  Tmut/Pois      6%         N/A       90%         5


Dungeon Overview and Level Annotations

Branches:
Dungeon (3/15)

Altars:

Shops:
D:1 *


Message History

You hit the goblin but do no damage. The goblin hits you with a +0 dagger.
A dart slug comes into view.
The blast of sand hits the goblin!
You kill the goblin!
The dart slug launches a dart at you. The slug dart hits you.
You can't see any susceptible monsters within range! (Use Z to cast anyway.) Unknown command.
You start resting.
Magic restored.
You start resting.
A dart slug is nearby!
Unknown command.
The dart slug bites you.
The blast of sand hits the dart slug!
The dart slug is almost dead.
The dart slug misses you.
The blast of sand hits the dart slug.
You kill the dart slug!
Unknown command.
You start resting.
A rat comes into view.
A rat is nearby!
Unknown command.
An orc and 2 orc wizards come into view.
Found 13 gold pieces.
The orc wizard shouts! x2
An orc comes into view. It is wielding a +0 whip.
There are monsters nearby!
There are monsters nearby!
Unknown command.
The orc wizard points at you and mumbles some strange words.
The magic dart hits you! The orc wizard casts a spell at you.
The magic dart hits you!
* * * LOW HITPOINT WARNING * * *
Unknown command.
The orc wizard points at you and mumbles some strange words.
The magic dart hits you!
You die...

....#####.###.#
..........o.#.#####
#......##.........
######.##.........
#.##†........
#.##.........
#.##.........
####...)........
#....##@........
....##...<........
### ####.........
##########


You could see an orc wizard.

Vanquished Creatures
  A gnoll (D:2)
  3 adders (D:2)
  A worm (D:2)
  2 dart slugs
  7 bats
  8 endoplasms
  4 giant cockroaches
  4 goblins
  3 hobgoblins
  5 kobolds
  2 quokkas (D:1)
  4 ball pythons
  4 frilled lizards (D:1)
  5 rats
53 creatures vanquished.

Notes
Turn   | Place    | Note
-------+----------+-------------------------------------------
     0 | D:1      | Zonian the Deep Elf Earth Elementalist began the quest for
                  | the Orb.
     0 | D:1      | Reached XP level 1. HP: 10/10 MP: 6/6
   104 | D:1      | Reached XP level 2. HP: 10/15 MP: 1/8
   203 | D:1      | Found Haetweh's General Store.
   554 | D:1      | Learned a level 2 spell: Passwall
   630 | D:1      | Reached XP level 3. HP: 17/19 MP: 3/9
  1245 | D:2      | Reached XP level 4. HP: 24/24 MP: 9/11
  1840 | D:3      | Killed from afar by an orc wizard

Illustrated notes

Levels and vault maps discovered:
D:1:      scummos_arrival_forest, layout_rooms, serial_shops,
          nicolae_square_shop, minmay_unequal
D:2:      layout_rooms
D:3:      layout_rooms, serial_shops, nicolae_diamond_shop,
          shapermc_ecumenical_altar_flowoftime

Skill      XL: |  1  2  3 |
---------------+----------+-----
Stealth        | 3 |  3.4
Dodging        | 3 |  3.4
Transmutations | 2 |  2.2
Spellcasting   | |  3.8
Earth Magic    | |  3.9

Action                     |  1- 3 |  4- 6 || total
---------------------------+-------+-------++-------
  Melee: Unarmed           |     2 |       ||     2
         Short sword       |     2 |     3 ||     5
   Cast: Sandblast         |    48 |    15 ||    63
   Stab: Sleeping          |       |     1 ||     1
 Armour: Robe              |     6 |     2 ||     8
  Dodge: Dodged            |    20 |     3 ||    23
